 Dungeon Crawl Stone Soup version 0.29.1-14-g9c671dbff4 (webtiles) character file.

Game seed: 6507560144510712427

38653 nightchill the Impaler (level 14, -2/106 HPs)
             Began as a Merfolk Fighter on Feb 15, 2023.
             Was an Elder of Hepliaklqana.
             Slain by a two-headed ogre
             ... wielding a +0 giant club
              (22 damage)
             ... on level 1 of the Orcish Mines.
             The game lasted 00:53:08 (17192 turns).

nightchill the Impaler (Merfolk Fighter)           Turns: 17192, Time: 00:53:09

Health: -2/106     AC: 13    Str: 21    XL:     14   Next: 3%
Magic:  18/23      EV: 16    Int: 16    God:    Hepliaklqana [****..]
Gold:   1316       SH: 12    Dex:  9    Spells: 13/13 levels left

rFire   + . .      SeeInvis .   W - +8 trident of the Grinning Seeker {drain, rCorr Int+4 Dex-3}
rCold   + . .      Faith    .   l - +2 kite shield
rNeg    + . .      Spirit   .   P - +2 chain mail {rF+}
rPois   .          Reflect  .   n - +1 hat
rElec   .          Harm     .   z - +0 cloak {Will+}
rCorr   +          Rampage  .   (no gloves)
Will    ++...                   (no boots)
Stlth   ..........              G - amulet of regeneration
HPRegen 1.07/turn               e - ring of the Hare {EV+8}
MPRegen 0.18/turn               N - ring of Pride {rC+ rN+ Int+5 Dex-2}

@: studying Summonings
A: reduced essence, (nimble swimmer 2), mertail
a: Renounce Religion, Recall Ancestor, Ancestor Identity, Transference, Idealise


You were on level 1 of the Orcish Mines.
You worshipped Hepliaklqana.
Hepliaklqana was greatly pleased with you.
You visited 4 branches of the dungeon, and saw 19 of its levels.

You collected 1545 gold pieces.
You spent 229 gold pieces at shops.

Inventory:

Hand Weapons
 a - a +1 trident of freezing
 b - a +1 halberd of flaming
 c - a +3 trident of protection
 H - a +2 halberd of venom
 U - the +3 spear of Linearity {elec, rElec Str-2 SInv}
   (You found it on level 5 of the Lair of Beasts)

   It occasionally discharges a powerful burst of electricity upon striking a
   foe.
   Str:       It affects your strength (-2).
   rElec:     It insulates you from electricity.
   SInv:      It lets you see invisible.
 W - the +8 trident of the Grinning Seeker (weapon) {drain, rCorr Int+4 Dex-3}
   (You bought it in a shop on level 1 of the Orcish Mines)

   A truly terrible weapon, it drains the life of any living foe it strikes.
   Int:       It affects your intelligence (+4).
   Dex:       It affects your dexterity (-3).
   rCorr:     It protects you from acid and corrosion.
Armour
 l - a +2 kite shield (worn)
 m - a +2 plate armour of willpower
 n - a +1 hat (worn)
 z - a +0 cloak of willpower (worn)
 I - a +1 chain mail of fire resistance
 P - a +2 chain mail of fire resistance (worn)
Jewellery
 e - the ring of the Hare (left hand) {EV+8}
   (You found it on level 4 of the Dungeon)

   [ring of evasion]

   EV:        It affects your evasion (+8).
 f - a ring of resist corrosion
 q - a ring of fire
 r - a ring of positive energy
 s - a ring of protection from fire
 G - an amulet of regeneration (around neck)
 M - a ring of magical power
 N - the ring of Pride (right hand) {rC+ rN+ Int+5 Dex-2}
   (You took it off a kobold brigand on level 10 of the Dungeon)

   [ring of positive energy]

   Int:       It affects your intelligence (+5).
   Dex:       It affects your dexterity (-2).
   rC:        It protects you from cold.
   rN:        It protects you from negative energy.
 R - a ring of ice
Wands
 d - a wand of quicksilver (26)
 h - a wand of polymorph (2)
 D - a wand of paralysis (30)
 Q - a wand of mindburst (3)
 T - a wand of iceblast (6)
Scrolls
 g - 4 scrolls of poison
 i - 5 scrolls of teleportation
 j - 2 scrolls of amnesia
 p - a scroll of immolation
 u - a scroll of noise
 w - 2 scrolls of vulnerability
 y - a scroll of enchant weapon
 E - a scroll of summoning
 K - 2 scrolls of butterflies
 L - a scroll of fear {unknown}
 S - a scroll of enchant armour
Potions
 k - 4 potions of ambrosia
 o - a potion of magic
 t - 2 potions of brilliance
 v - 2 potions of invisibility
 x - 3 potions of mutation
 A - a potion of cancellation
 B - 4 potions of haste
 F - 4 potions of flight
 J - 2 potions of curing
 O - 2 potions of attraction
 V - a potion of resistance
Miscellaneous
 C - a tin of tremorstones (inert)


   Skills:
 + Level 13.5 Fighting
 - Level 16.0 Polearms
 + Level 4.6 Armour
 - Level 8.0 Dodging
 * Level 10.4 Shields
 - Level 12.0 Invocations


You had 13 spell levels left.
You didn't know any spells.
Your spell library contained the following spells:

 Spells                   Type           Power      Damage    Failure   Level
 Beastly Appendage        Tmut           0%         N/A       99%         1
 Necrotise                Necr           0%         1d4       99%         1
 Ensorcelled Hibernation  Hex/Ice        0%         N/A       100%        2
 Scorch                   Fire           0%         2d5       100%        2
 Static Discharge         Conj/Air       0%         3-3/arc   100%        2
 Wereblood                Tmut           0%         N/A       100%        2
 Conjure Flame            Conj/Fire      0%         6-21      100%        3
 Ignite Poison            Fire/Tmut/Pois 0%         N/A       100%        3
 Inner Flame              Hex/Fire       0%         N/A       100%        3
 Spider Form              Tmut/Pois      0%         N/A       100%        3
 Summon Guardian Golem    Hex/Summ       0%         N/A       100%        3
 Tukima's Dance           Hex            0%         N/A       100%        3
 Vampiric Draining        Necr           0%         2d6       100%        3
 Anguish                  Hex/Necr       0%         N/A       100%        4
 Animate Dead             Necr           0%         N/A       100%        4
 Cause Fear               Hex            0%         N/A       100%        4
 Dispel Undead            Necr           0%         3d6       100%        4
 Flame Wave               Conj/Fire      0%         2d4       100%        4
 Olgreb's Toxic Radiance  Pois           0%         N/A       100%        4
 Passage of Golubria      Tloc           0%         N/A       100%        4
 Sticky Flame             Conj/Fire      0%         2d3       100%        4
 Agony                    Necr           0%         N/A       100%        5
 Alistair's Intoxication  Tmut/Pois      0%         N/A       100%        5
 Borgnjor's Vile Clutch   Necr/Erth      0%         N/A       100%        5
 Freezing Cloud           Conj/Ice/Air   0%         6-21      100%        5
 Yara's Violent Unravell  Hex/Tmut       0%         3d3       100%        5
 Eringya's Noxious Bog    Tmut/Pois      0%         N/A       100%        6
 Simulacrum               Ice/Necr       0%         N/A       100%        6
 Summon Cactus Giant      Summ           0%         N/A       100%        6
 Haunt                    Necr/Summ      0%         N/A       100%        7
 Orb of Destruction       Conj           0%         9d5       100%        7
 Ozocubu's Refrigeration  Ice            0%         4d7       100%        7
 Spellforged Servitor     Conj/Summ      0%         N/A       100%        7
 Discord                  Hex            0%         N/A       100%        8
 Ignition                 Fire           0%         3d3       100%        8
 Infestation              Necr           0%         N/A       100%        8
 Polar Vortex             Ice            0%         N/A       100%        9


Dungeon Overview and Level Annotations

Branches:
Dungeon (11/15)            Temple (1/1) D:4            Lair (5/5) D:10
  Swamp (0/4) Lair:3        Snake (0/4) Lair:2        Slime (0/5) Lair:5
    Orc (2/2) D:10
    Elf: Orc:2

Altars:
Ashenzari
Cheibriados
Dithmenos
Elyvilon
Fedhas
Gozag
Hepliaklqana
Kikubaaqudgha
Okawaru
Qazlal
Ru
Sif Muna
Trog
Uskayaw
Vehumet
Xom
Yredelemnul
Zin
The Shining One

Shops:
D:7 !   D:9 [   D:10 (   Orc:1 (

Portals:
Abyss: Lair:1

Annotations:
D:5 exclusion: ancestor
D:8 2 runed translucent doors
Lair:1 4 transporters, exclusion: downstairs, ponobo's ghost, journeyman MiBe
Lair:3 1 exclusion
Orc:2 Urug


Innate Abilities, Weirdness & Mutations

Your life essence is reduced to manifest your ancestor. (-10% HP)
((You are very nimble when in or above water. (Stealth+, EV+, Speed+++)))
Your lower body shifts to a powerful aquatic tail in water.


Message History

Jimmeh hits the two-headed ogre with a +0 flail!
The two-headed ogre hits Jimmeh with a +0 dire flail.
The two-headed ogre hits Jimmeh with a +0 giant spiked club!
Jimmeh is destroyed!
The two-headed ogre shouts in stereo!
You puncture the two-headed ogre!
The two-headed ogre is heavily wounded.
You block the two-headed ogre's attack. The two-headed ogre barely misses you.
You hit the two-headed ogre. You drain the two-headed ogre.
The two-headed ogre is severely wounded.
You block the two-headed ogre's attack. The two-headed ogre closely misses you.
You block the two-headed ogre's attack. The two-headed ogre closely misses you.
You impale the two-headed ogre!! You drain the two-headed ogre.
You kill the two-headed ogre!
You have reached level 14!
You hit the two-headed ogre. You drain the two-headed ogre.
The two-headed ogre is severely wounded.
The two-headed ogre closely misses you.
The two-headed ogre hits you but does no damage.
You block the two-headed ogre's attack. The two-headed ogre misses you.
You puncture the two-headed ogre!
The two-headed ogre is almost dead.
The two-headed ogre hits you with a +0 dire flail!
* * * LOW HITPOINT WARNING * * *
You block the two-headed ogre's attack.
Unknown command.
You hit the two-headed ogre.
The two-headed ogre is almost dead.
The two-headed ogre hits you with a +0 giant club!!
* * * LOW HITPOINT WARNING * * *
The two-headed ogre hits you with a +0 giant club!
* * * LOW HITPOINT WARNING * * *
The two-headed ogre barely misses you.
The two-headed ogre completely misses you.
You puncture the two-headed ogre!
You kill the two-headed ogre!
You hit the two-headed ogre. You drain the two-headed ogre.
The two-headed ogre is heavily wounded.
The two-headed ogre hits you with a +0 giant club!!
You die...

.# ##....##....###....## ##
#.###..#.....#...##.## .#
#####.#..........##...# ##
###..####....##....###..#
##
#.#...###..#.##....##....
.#
###......#[#......#........
##
#........[[......###...##..
##.#..PP.O>).##.........#..
####.P∩P)@..####....#.....
#...P....## #....#...##
####......## #..##.....#
##........## ##.##...#..
#....##...## ####..##..
##....#....# #....... #
##.......#### ###.)).. #
####...###.### #..... #
#...#R.....### ##.....


You could see a two-headed ogre (drained).

Vanquished Creatures
  2 hydras
  A boulder beetle (Lair:3)
  3 two-headed ogres
  4 death yaks (Lair:4)
  A lindwurm (Lair:3)
  An oklob plant (D:10)
  An ugly thing (D:7)
  5 elephants
  2 black mambas (Lair:5)
  Maurice (D:9)
  A guardian serpent (Lair:3)
  5 cane toads
  Maggie (D:6)
  2 rime drakes
  4 komodo dragons
  A queen bee (Lair:3)
  4 trolls (Orc:1)
  Grinder (D:6)
  2 polar bears
  3 blink frogs (Lair:5)
  2 dream sheep (Lair:3)
  2 wraiths
  Sigmund (D:4)
  19 yaks
  2 wyverns
  3 steam dragons
  3 vampire mosquitoes (D:7)
  A warg (Orc:2)
  A naga (Lair:2)
  3 acid dragons
  9 water moccasins
  Duvessa (D:7)
  3 sky beasts (D:7)
  A black bear (Lair:2)
  3 ice beasts
  16 orc warriors
  3 ogres
  A centaur (D:10)
  2 phantoms
  2 kobold brigands (D:9)
  2 gnoll sergeants
  Blork the orc (Temple)
  3 scorpions (D:6)
  4 bullfrogs
  3 necrophages
  8 wights (D:8)
  Dowan (D:7)
  21 killer bees
  4 howler monkeys
  A jelly (D:5)
  11 orc priests
  A gnoll bouda (D:9)
  2 hounds (D:4)
  Crazy Yiuf (D:5)
  4 iguanas
  13 orc wizards
  9 gnolls
  6 adders
  2 white imps
  4 worms
  43 orcs
  4 endoplasms
  5 giant cockroaches
  2 goblins (D:2)
  2 hobgoblins
  4 quokkas (D:2)
  4 ball pythons
  6 bats
  2 frilled lizards
  13 kobolds
  10 rats
319 creatures vanquished.

Vanquished Creatures (collateral kills)
  A two-headed ogre (Orc:2)
  Nergalle (Orc:1)
  An oklob plant (D:10)
  3 elephants
  2 black mambas (Lair:3)
  5 cane toads
  A rime drake (Lair:1)
  3 komodo dragons
  A polar bear (Lair:4)
  2 trolls
  2 dream sheep (Lair:3)
  3 blink frogs (Lair:5)
  11 yaks
  A steam dragon (D:8)
  A naga (Lair:2)
  A warg (Orc:1)
  A water moccasin (D:5)
  An orc warrior (Orc:2)
  3 centaurs
  2 ogres
  2 kobold brigands
  3 bullfrogs
  A wight (D:8)
  7 killer bees (Lair:3)
  A hound (D:7)
  2 orc priests
  10 orc wizards
  14 orcs
  5 kobolds
91 creatures vanquished.

Vanquished Creatures (others)
  An orc wizard (D:5)
  9 knights
  4 ancestors
  An orc (D:7)
  6 fungi
  5 plants
26 creatures vanquished.

Grand Total: 436 creatures vanquished

Notes
Turn   | Place    | Note
-------+----------+-------------------------------------------
     0 | D:1      | nightchill the Merfolk Fighter began the quest for the Orb.
     0 | D:1      | Reached XP level 1. HP: 18/18 MP: 1/1
    96 | D:1      | Reached skill level 3 in Polearms
   124 | D:1      | Reached XP level 2. HP: 24/24 MP: 2/2
   125 | D:1      | Found a faded altar of an unknown god.
   427 | D:2      | Reached skill level 4 in Polearms
   427 | D:2      | Reached XP level 3. HP: 30/30 MP: 3/3
   673 | D:2      | Found a shimmering blue altar of Sif Muna.
  1255 | D:2      | Reached XP level 4. HP: 31/37 MP: 4/4
  1338 | D:3      | Reached skill level 5 in Polearms
  1776 | D:4      | Noticed a phantom
  1787 | D:4      | Killed a phantom
  1788 | D:4      | Reached XP level 5. HP: 37/43 MP: 5/5
  1794 | D:4      | Reached skill level 6 in Polearms
  1872 | D:4      | Found a staircase to the Ecumenical Temple.
  1882 | D:4      | Noticed an orc warrior
  1889 | Temple   | Entered the Ecumenical Temple
  1900 | Temple   | Reached XP level 6. HP: 7/50 MP: 6/6
  2190 | Temple   | Became a worshipper of Hepliaklqana the Forgotten
  2212 | D:4      | Noticed Blork the orc
  2217 | Temple   | Killed an orc warrior
  2218 | Temple   | Reached skill level 5 in Fighting
  2218 | Temple   | Reached skill level 7 in Polearms
  2218 | Temple   | Reached skill level 1 in Invocations
  2673 | Temple   | Killed Blork the orc
  2732 | D:4      | Found the ring of the Hare {EV+8}
  2872 | D:4      | Reached XP level 7. HP: 45/56 MP: 8/8
  3169 | D:4      | Noticed Sigmund
  3177 | D:4      | Killed Sigmund
  3178 | D:4      | Reached skill level 8 in Polearms
  3496 | D:5      | Entered Level 5 of the Dungeon
  3507 | D:5      | Found a hide-covered altar of Uskayaw.
  3524 | D:5      | Reached skill level 9 in Polearms
  3566 | D:4      | Reached XP level 8. HP: 46/64 MP: 10/10
  3856 | D:5      | Reached * piety under Hepliaklqana
  4181 | D:5      | Reached skill level 10 in Polearms
  4282 | D:5      | Found a runed translucent door.
  4283 | D:5      | Noticed Crazy Yiuf
  4291 | D:5      | Killed Crazy Yiuf
  4656 | D:6      | Noticed Grinder
  4855 | D:6      | Killed Grinder
  4856 | D:6      | Reached skill level 11 in Polearms
  4856 | D:6      | Reached XP level 9. HP: 59/64 MP: 12/12
  4887 | D:6      | Noticed Maggie
  4894 | D:6      | Reached skill level 5 in Invocations
  4903 | D:6      | Killed Maggie
  5366 | D:6      | Reached skill level 12 in Polearms
  5426 | D:6      | Found a white marble altar of Elyvilon.
  5514 | D:7      | Found Xyuq's Distillery.
  5524 | D:7      | Reached ** piety under Hepliaklqana
  5525 | D:7      | Remembered your ancestor Jimmeh as a knight
  5708 | D:7      | Noticed a troll
  5711 | D:7      | Killed a troll
  5783 | D:7      | Reached skill level 13 in Polearms
  5788 | D:7      | Reached XP level 10. HP: 73/73 MP: 14/14
  5800 | D:7      | Noticed a five-headed hydra
  5803 | D:7      | Noticed a cyan ugly thing
  5815 | D:7      | Killed a one-headed hydra
  6176 | D:7      | Reached skill level 14 in Polearms
  6280 | D:7      | Noticed Duvessa
  6280 | D:7      | Noticed Dowan
  6288 | D:7      | Killed Duvessa
  6299 | D:7      | Killed Dowan
  6562 | D:7      | Killed a cyan ugly thing
  6658 | D:7      | Identified the +1 leather armour of Somewhere Else {*Slow
                  | rElec Slay+3 SInv}
  6739 | D:7      | Reached skill level 15 in Polearms
  6844 | D:7      | Reached XP level 11. HP: 57/81 MP: 17/17
  7571 | D:8      | Reached skill level 10 in Fighting
  7791 | D:8      | Found a runed translucent door.
  7792 | D:8      | Found a runed translucent door.
  7838 | D:8      | Reached *** piety under Hepliaklqana
  8252 | D:9      | Found Dalov's Antique Armour Emporium.
  8354 | D:9      | Reached skill level 16 in Polearms
  8522 | D:9      | Reached skill level 1 in Dodging
  8838 | D:9      | Noticed Maurice
  8855 | D:9      | Killed Maurice
  9407 | D:10     | Entered Level 10 of the Dungeon
  9407 | D:10     | Found Ovoux's Antique Weapon Emporium.
  9511 | D:10     | Found a staircase to the Lair.
  9511 | D:10     | Noticed an oklob plant
  9511 | D:10     | Noticed an oklob plant
  9806 | D:10     | Identified the ring of Pride {rC+ rN+ Int+5 Dex-2}
  9842 | D:10     | Found a staircase to the Orcish Mines.
 10087 | D:10     | Reached **** piety under Hepliaklqana
 10911 | D:10     | Killed an oklob plant
 10916 | D:10     | Killed an oklob plant
 10930 | Lair:1   | Entered Level 1 of the Lair of Beasts
 10979 | Lair:1   | Found a transporter.
 10989 | Lair:1   | Reached skill level 5 in Dodging
 11050 | Lair:1   | Found a one-way gate to the infinite horrors of the Abyss.
 11050 | Lair:1   | Noticed ponobo's ghost (journeyman MiBe)
 11050 | Lair:1   | Noticed a hell hog
 11051 | Lair:1   | Noticed a rakshasa
 11103 | Lair:1   | Noticed a wretched star
 11131 | Lair:1   | Noticed a white ugly thing
 11137 | Lair:1   | Reached skill level 5 in Shields
 11137 | Lair:1   | Reached XP level 12. HP: 76/90 MP: 19/19
 11195 | Lair:1   | Found a transporter.
 11213 | Lair:1   | Found a transporter.
 11415 | Lair:1   | Reached skill level 10 in Invocations
 12008 | Lair:1   | Noticed an eight-headed hydra
 12017 | Lair:1   | Killed an eight-headed hydra
 12317 | Lair:1   | Found a transporter.
 12924 | Lair:2   | Found a staircase to the Snake Pit.
 13612 | Lair:3   | Found a staircase to the Swamp.
 14021 | Lair:3   | HP: 4/92 [komodo dragon (18)]
 14023 | Lair:3   | Reached XP level 13. HP: 27/98 MP: 17/21
 14794 | Lair:3   | You fall into a shaft and drop 2 floors!
 14794 | Lair:5   | Entered Level 5 of the Lair of Beasts
 14817 | Lair:5   | Identified the +3 spear of Linearity {elec, rElec Str-2
                  | SInv}
 15164 | Lair:3   | Found the +3 pair of seven-league boots {Rampage+∞}
 15502 | Lair:4   | Identified the +2 ring mail of Ekhoet {Str+3}
 16266 | Orc:1    | Entered Level 1 of the Orcish Mines
 16303 | Orc:1    | Found Jythroe's Antique Weapon Emporium.
 16322 | Orc:1    | Bought a smoking trident for 229 gold pieces
 16322 | Orc:1    | Identified the +8 trident of the Grinning Seeker {drain,
                  | rCorr Int+4 Dex-3} (You bought it in a shop on level 1 of
                  | the Orcish Mines)
 16475 | Orc:1    | Noticed Nergalle
 16489 | Orc:1    | Killed Nergalle
 16961 | Orc:1    | Reached skill level 10 in Shields
 17129 | Orc:2    | Entered Level 2 of the Orcish Mines
 17172 | Orc:2    | Noticed Urug
 17188 | Orc:1    | Reached XP level 14. HP: 52/106 MP: 18/23
 17192 | Orc:1    | Slain by a two-headed ogre

Illustrated notes

Levels and vault maps discovered:
D:1:      dpeg_arrival_simpleton_b, layout_rooms,
          chequers_ecumenical_altar_simple, minmay_misc_feat_chi,
          minmay_crystal_water, minmay_fountain_box
D:2:      layout_rooms, basic_altar, kennysheep_generic_room_10
D:3:      layout_rooms
D:4:      layout_cave_pools, minmay_temple_entry_ruins, portal_sewer_entry_a,
          grunt_ministairs_1, nicolae_figureground_sparkle, uniq_blork_the_orc,
          uniq_sigmund
D:5:      layout_basic, nicolae_overflow_crystal_walls, st_stairs_7,
          feat_on_display, uniq_crazy_yiuf_cottage
D:6:      layout_rooms, mainiacjoe_overflow_brackets, uniq_grinder, uniq_maggie
D:7:      minmay_the_grid_octo_2x2 [minmay_the_grid_octo_horde,
          minmay_the_grid_octo_pinwheel, minmay_the_grid_octo_clover_2,
          minmay_the_grid_octo_prize_star], layout_loops_corners,
          nicolae_stop_n_shop_2, grunt_ministairs_14, uniq_duvessa
D:8:      lemuel_insect_pit, layout_rooms, serial_aquarium,
          aquarium_bridge_long_separate [aquarium_subvault_wall,
          aquarium_subvault_bridge, aquarium_subvault_window,
          aquarium_subvault_bridge, aquarium_subvault_bridge,
          aquarium_subvault_wall], aquarium_window_2,
          aquarium_window_corridor_2, aquarium_window_fake,
          aquarium_window_fake, aquarium_view_2g, aquarium_view_2c,
          aquarium_pool_1
D:9:      layout_loops_ring, serial_shops, shop, minivault_21, uniq_maurice
D:10:     layout_gridville, dpeg_oklobed_lair, orc_0_dummy,
          nicolae_stop_n_shop_2
D:11:     layout_loops_ring
Temple:   nicolae_temple_bog_church
Lair:1:   gammafunk_worm_tunnel, layout_regular_city,
          gammafunk_ghost_abyssal_escape, beast_lair_carwin_6
Lair:2:   layout_regular_city, minmay_snake_entry_guardpost_small
Lair:3:   layout_gridlike, swamp_mist, special_room [special_room_bee],
          hellmonk_guarded_unrand_seven_league_boots
Lair:4:   layout_gridlike, chequers_serial_rivers_small_3, beast_lair_carwin_5,
          lemuel_fruit_fields
Lair:5:   grunt_lair_end_beastmaster, layout_misc_corridors,
          dpeg_slime_entry_enclosed, chequers_serial_rivers_large_a,
          st_stairs_8, grunt_megastairs_4, infiniplex_staircase_pool_2,
          lemuel_fruit_fields
Orc:1:    minmay_goldmine, layout_diamond_mine, serial_shops,
          nicolae_shop_overgrown_old_shop, uniq_nergalle
Orc:2:    st_orc_pillars, layout_caves, uniq_sonja, uniq_urug

Skill      XL: |  1  2  3  4  5  6  7  8  9 10 11 12 13 |
---------------+----------------------------------------+-----
Polearms       | 3 4 5 6 7 9 11 13 15 16 | 16.0
Fighting       | 4 5 6 7 8 9 11 12 13 | 13.5
Invocations    | 1 3 4 6 8 9 11 12 | 12.0
Dodging        | 5 8 |  8.0
Shields        | 5 7 10 | 10.4
Armour         | 4 |  4.6

Action                   |  1- 3 |  4- 6 |  7- 9 | 10-12 | 13-15 || total
-------------------------+-------+-------+-------+-------+-------++-------
Melee: Trident           |   128 |   102 |     1 |   209 |   364 ||   804
       Halberd           |       |       |   162 |   339 |       ||   501
       Spear             |       |       |       |       |    82 ||    82
Invok: Ancestor Identity |       |       |     1 |       |       ||     1
       Ancestor Life: Kn |       |       |     1 |       |       ||     1
       Recall Ancestor   |       |       |       |     7 |     5 ||    12
       Transference      |       |       |       |     1 |     1 ||     2
       Idealise          |       |       |       |     2 |     5 ||     7
Evoke: Tin of tremorston |       |       |       |     2 |     1 ||     3
  Use: Scroll            |       |     3 |     7 |    16 |     4 ||    30
       Potion            |       |     5 |     3 |     6 |     3 ||    17
 Stab: Invisible         |       |     1 |       |     6 |       ||     7
       Distracted        |       |       |     1 |     4 |     2 ||     7
Armor: Scale mail        |    41 |    33 |       |       |       ||    74
       Plate armour      |       |       |    36 |    34 |       ||    70
       Chain mail        |       |       |       |    51 |    51 ||   102
       Skin              |       |       |       |       |    92 ||    92
Dodge: Dodged            |    66 |    70 |    73 |   176 |   159 ||   544
Block: Buckler           |    22 |    14 |     2 |       |       ||    38
       Kite shield       |       |       |       |    73 |   237 ||   310
